 Dungeon Sprint DCSS version 0.21.1-1-g345015fe64 (webtiles) character file.

9737 Groucho the Severer (level 11, -1/114 HPs)
             Began as a Minotaur Monk on Apr 19, 2018.
             Was the Champion of Cheibriados.
             Slain by an orc warrior
             ... wielding a +0 dire flail
              (28 damage)
             ... in the Dungeon (Sprint IX: "|||||||||||||||||||||||||||||") on Apr 21, 2018.
             The game lasted 00:06:38 (1942 turns).

Groucho the Severer (Minotaur Monk)                 Turns: 1942, Time: 00:06:39

Health: -1/114     AC: 22    Str: 32    XL:     11   Next: 27%
Magic:  1/19       EV: 17    Int: 22    God:    Cheibriados [******]
Gold:   661        SH:  0    Dex: 35    Spells: 10/10 levels left

rFire    . . .     SeeInvis .   n - +1 broad axe of Tirel {pain, Dex+2}
rCold    . . .     Gourm    .   (no shield)
rNeg     . . .     Faith    .   p - +0 plate armour
rPois    .         Spirit   .   s - +2 hat {MR+}
rElec    .         Reflect  .   a - +0 cloak
rCorr    .         Harm     .   o - +0 pair of gloves
MR       +....     NoTele   +   (no boots)
Stlth    ..........             (no amulet)
HPRegen  0.29/turn              q - +3 ring of dexterity
MPRegen  0.16/turn              r - +2 ring of evasion

@: very slow
A: retaliatory headbutt, horns 2
a: Bend Time, Temporal Distortion, Slouch, Step From Time, Renounce Religion


You were in the Dungeon.
You worshipped Cheibriados.
Cheibriados was exalted by your worship.
You were hungry.

You visited 1 branch You collected 661 gold pieces.

Inventory:

Hand Weapons
 n - the +1 broad axe of Tirel (weapon) {pain, Dex+2}
   (You found it in the Dungeon)

   In the hands of one skilled in necromantic magic, it inflicts extra damage on
   living creatures.
   It affects your dexterity (+2).
Armour
 a - a +0 cloak (worn)
 o - a +0 pair of gloves (worn)
 p - a +0 plate armour (worn)
 s - a +2 hat of magic resistance (worn)
Jewellery
 q - a +3 ring of dexterity (left hand)
 r - a +2 ring of evasion (right hand)
Wands
 m - a wand of acid (10)
 t - a wand of polymorph (12)
Scrolls
 b - 4 scrolls of enchant armour
 f - a scroll of identify
 i - 3 scrolls of blinking
 k - 4 scrolls of remove curse
 l - 2 scrolls of amnesia
Potions
 d - 7 potions of curing
 e - 5 potions of heal wounds
 g - 4 potions of magic
 h - a potion of cancellation
 j - a potion of invisibility
Comestibles
 c - 12 rations
 u - 3 chunks of flesh


   Skills:
 + Level 16.2 Fighting
 + Level 16.2 Axes
 + Level 15.9 Armour
 - Level 6.4 Dodging
 - Level 1.5 Stealth
 + Level 13.0 Invocations


You had 10 spell levels left.
You didn't know any spells.

Dungeon Overview and Level Annotations

Branches:
Dungeon (1/1)

Altars:
Cheibriados
Dithmenos
Elyvilon
Fedhas
Gozag
Hepliaklqana
Kikubaaqudgha
Makhleb
Nemelex Xobeh
Okawaru
Qazlal
Ru
Sif Muna
Trog
Uskayaw
Vehumet
Wu Jian
Xom
Yredelemnul
Zin
The Shining One
Beogh
Jiyva
Lugonu


Innate Abilities, Weirdness & Mutations

You reflexively headbutt those who attack you in melee.
You have a pair of horns on your head.


Message History

The orc warrior throws a tomahawk.
The tomahawk hits you but does no damage.
Items here: $ (( )) [ Unknown command.
That item cannot be evoked!
Unknown command.
You don't have enough magic at the moment.
Unknown command.
Unknown command.
Unknown command.
Okay, then.
The orc knight no longer looks unusually strong.
The orc warrior throws a tomahawk.
The tomahawk misses you.
Items here: $ )) [ † a glaive; a plate armour; a dagger; 50 gold pieces; an orc corpse Unknown command.
You completely miss the orc warrior.
The orc warrior is severely wounded.
The orc warrior hits you with a dire flail!!
You die...

..'________________________'..|).
▓▓▓▓▓▓▓▓▓▓▓▓▓▓▓▓▓▓▓▓▓▓▓▓▓▓▓▓▓▓▓▓▓
.................................
▓▓▓▓▓▓▓▓▓▓▓▓▓▓▓▓▓▓▓▓▓▓▓▓▓▓▓▓▓▓▓▓▓
"".....÷.........†..†......††....
▓▓▓▓▓▓▓▓▓▓▓▓▓▓▓▓▓▓▓▓▓▓▓▓▓▓▓▓▓▓▓▓▓
...........).....................
▓▓▓▓▓▓▓▓▓▓▓▓▓▓▓▓▓▓▓▓▓▓▓▓▓▓▓▓▓▓▓▓▓
).)).)))(..(.)((@oo$o...
▓▓▓▓▓▓▓▓▓▓▓▓▓▓▓▓▓▓▓▓▓▓▓▓


You could see an orc knight and 2 orc warriors.

Vanquished Creatures
  Gastronok (D)
  Erica (D)
  A centaur warrior (D)
  2 orc knights (D)
  Maurice (D)
  2 black mambas (D)
  3 komodo dragons (D)
  A rime drake (D)
  A troll (D)
  3 polar bears (D)
  2 yaks (D)
  A basilisk (D)
  A steam dragon (D)
  2 water moccasins (D)
  2 porcupines (D)
  An ice beast (D)
  9 orc warriors (D)
  5 black bears (D)
  A necrophage (D)
  5 crocodiles (D)
  2 bullfrogs (D)
  2 crimson imps (D)
  3 orc priests (D)
  2 orc wizards (D)
  A shadow imp (D)
  An adder skeleton (D)
  10 orcs (D)
  2 bats (D)
  2 giant cockroaches (D)
  A goblin (D)
  A kobold (D)
  A quokka skeleton (D)
73 creatures vanquished.

Notes
Turn   | Place    | Note
-------+----------+-------------------------------------------
     0 | D        | Groucho the Minotaur Monk began the quest for the Orb.
     0 | D        | Reached XP level 1. HP: 19/19 MP: 0/0
     5 | D        | Reached skill level 1 in Armour
   366 | D        | Noticed a crimson imp
   372 | D        | Reached XP level 2. HP: 21/28 MP: 1/1
   377 | D        | Killed a crimson imp
   377 | D        | Reached skill level 5 in Fighting
   377 | D        | Reached skill level 5 in Axes
   377 | D        | Reached skill level 5 in Dodging
   377 | D        | Reached XP level 3. HP: 28/36 MP: 2/2
   390 | D        | Found a roughly hewn altar of Beogh.
   390 | D        | Found a snail-covered altar of Cheibriados.
   390 | D        | Found a shadowy altar of Dithmenos.
   390 | D        | Found a white marble altar of Elyvilon.
   390 | D        | Found a blossoming altar of Fedhas.
   390 | D        | Found an opulent altar of Gozag.
   391 | D        | Found a hazy altar of Hepliaklqana.
   392 | D        | Found a viscous altar of Jiyva.
   393 | D        | Found an ancient bone altar of Kikubaaqudgha.
   394 | D        | Became a worshipper of Cheibriados the Contemplative
   394 | D        | Reached * piety under Cheibriados
   394 | D        | Reached ** piety under Cheibriados
   395 | D        | Found a corrupted altar of Lugonu.
   396 | D        | Found a burning altar of Makhleb.
   397 | D        | Found a sparkling altar of Nemelex Xobeh.
   398 | D        | Found an iron altar of Okawaru.
   399 | D        | Found a stormy altar of Qazlal.
   400 | D        | Found a sacrificial altar of Ru.
   401 | D        | Found a deep blue altar of Sif Muna.
   402 | D        | Found a bloodstained altar of Trog.
   403 | D        | Found a hide-covered altar of Uskayaw.
   404 | D        | Found a radiant altar of Vehumet.
   405 | D        | Found an ornate altar of the Wu Jian Council.
   406 | D        | Found a shimmering altar of Xom.
   407 | D        | Found a basalt altar of Yredelemnul.
   408 | D        | Found a glowing silver altar of Zin.
   409 | D        | Found a glowing golden altar of the Shining One.
   428 | D        | Got the +1 broad axe of Tirel {pain, Dex+2}
   468 | D        | Noticed a necrophage
   468 | D        | Noticed an orc warrior
   468 | D        | Noticed a bullfrog
   472 | D        | Killed a necrophage
   472 | D        | Reached skill level 5 in Armour
   472 | D        | Reached XP level 4. HP: 47/47 MP: 3/3
   472 | D        | Reached XP level 5. HP: 52/52 MP: 4/4
   477 | D        | Killed an orc warrior
   479 | D        | Reached *** piety under Cheibriados
   479 | D        | Reached XP level 6. HP: 42/62 MP: 4/7
   494 | D        | Noticed a yak
   494 | D        | Noticed a centaur warrior
   494 | D        | Noticed an ice beast
   494 | D        | Noticed a troll
   494 | D        | Noticed a komodo dragon
   497 | D        | Reached **** piety under Cheibriados
   504 | D        | Killed a yak
   504 | D        | Reached skill level 5 in Invocations
   509 | D        | Killed a centaur warrior
   509 | D        | Reached skill level 10 in Armour
   509 | D        | Reached XP level 7. HP: 32/74 MP: 8/11
   509 | D        | Reached XP level 8. HP: 35/82 MP: 8/12
   513 | D        | Reached ***** piety under Cheibriados
   516 | D        | Killed a troll
   520 | D        | Killed a komodo dragon
   892 | D        | Noticed a black mamba
   892 | D        | Noticed a black mamba
   893 | D        | Noticed a rime drake
   895 | D        | Killed a black mamba
   895 | D        | Reached XP level 9. HP: 91/91 MP: 14/14
   899 | D        | Noticed a komodo dragon
   899 | D        | Killed a black mamba
   904 | D        | Reached ****** piety under Cheibriados
   908 | D        | Killed a rime drake
   908 | D        | Reached skill level 10 in Invocations
   917 | D        | Killed a komodo dragon
  1297 | D        | Noticed a komodo dragon
  1304 | D        | Killed a komodo dragon
  1308 | D        | Reached XP level 10. HP: 103/103 MP: 15/17
  1383 | D        | Noticed Gastronok
  1385 | D        | Noticed Erica
  1395 | D        | Killed Gastronok
  1395 | D        | Reached skill level 15 in Fighting
  1395 | D        | Reached skill level 15 in Axes
  1395 | D        | Reached skill level 15 in Armour
  1399 | D        | Killed Erica
  1787 | D        | Noticed Maurice
  1796 | D        | Killed Maurice
  1796 | D        | Reached XP level 11. HP: 114/114 MP: 19/19
  1928 | D        | Noticed an orc knight
  1928 | D        | Noticed an orc knight
  1938 | D        | Noticed an orc knight
  1939 | D        | Killed an orc knight
  1939 | D        | Killed an orc knight
  1942 | D        | Slain by an orc warrior

Skill      XL: |  1  2  3  4  5  6  7  8  9 10 11 |
---------------+----------------------------------+-----
Armour         | 2 3 5 7 10 11 13 15 | 15.9
Fighting       | 4 5 7 8 11 12 14 15 16 | 16.2
Axes           | 4 5 7 8 11 12 14 15 16 | 16.2
Dodging        | 4 5 6 |  6.4
Invocations    | 3 7 8 10 12 13 | 13.0
Stealth        | |  1.5

Action                   |  1- 3 |  4- 6 |  7- 9 | 10-12 || total
-------------------------+-------+-------+-------+-------++-------
Melee: Hand axe          |    32 |       |       |       ||    32
       Headbutt          |     6 |     9 |    14 |    23 ||    52
       Broad axe         |     4 |    23 |    39 |    76 ||   142
Invok: Slouch            |       |       |     2 |     5 ||     7
  Use: Potion            |       |     1 |       |     1 ||     2
  Eat: Chunk             |       |       |       |     1 ||     1
Armor: Robe              |     4 |       |       |       ||     4
       Plate armour      |     1 |    10 |    13 |    33 ||    57
Dodge: Dodged            |    34 |    15 |    32 |    58 ||   139
